 Dungeon Crawl Stone Soup version 0.32-a0-818-gb728d0252e (webtiles) character file.

Game seed: 14569166245808280495

3087 Morbidden the Destroyer (level 9, -1/73 HPs)
             Began as a Yellow Draconian Conjurer on Mar 24, 2024.
             Was an Elder of Cheibriados.
             Slain by an orc knight
             ... wielding a +0 war axe
              (20 damage)
             ... in a bailey.
             The game lasted 00:11:09 (7252 turns).

Morbidden the Destroyer (Yellow Draconian Conjurer) Turns: 7252, Time: 00:11:10

Health: -1/73      AC:  8    Str: 20    XL:     9   Next: 59%
Magic:  18/18      EV: 13    Int: 39    God:    Cheibriados [****..]
Gold:   229        SH:  0    Dex: 19    Spells: 13/20 levels left

rFire   . .          .
                       - Unarmed
rCold   . . .        (no shield)
rNeg    . . .        (body armour unavailable)
rPois   .            (helmet restricted)
rElec   .            (no cloak)
rCorr   +            (no gloves)
SInv    .            l - +0 pair of boots
Will    .....        b - amulet of magic regeneration
Stlth   +++          k - +6 ring of intelligence
HPRegen 0.32/turn    (no ring)
MPRegen 0.56/turn

%: no passive effects
@: very slow
A: caustic breath, AC +7, unfitting armour, cold-blooded, acid resistance, claws
1, mutation resistance 1
a: Caustic Breath, Renounce Religion, Bend Time, Temporal Distortion, Slouch


You were in a bailey.
You worshipped Cheibriados.
Cheibriados was greatly pleased with you.
You visited 1 branch of the dungeon, and saw 7 of its levels.
You also visited: Bailey.

You collected 229 gold pieces.

Inventory:

Hand Weapons
 w - a +0 dagger of electrocution
 z - a +0 heavy arbalest
Missiles
 n - 3 curare-tipped darts (quivered)
 y - 18 boomerangs
Armour
 l - a +0 pair of boots (worn)
Jewellery
 b - an amulet of magic regeneration (around neck)
 h - an amulet of reflection
 k - a +6 ring of intelligence (left claw)
Wands
 s - a wand of flame (14)
Scrolls
 a - a scroll of silence
 d - a scroll of noise {unknown}
 e - a scroll of torment {unknown}
 f - 4 scrolls of enchant weapon
 i - 3 scrolls of amnesia
 o - 2 scrolls of enchant armour {unknown}
 x - a scroll of fear {unknown}
Potions
 c - 2 potions of enlightenment
 g - a potion of berserk rage
 j - a potion of cancellation {unknown}
 m - a potion of invisibility {unknown}
 p - 2 potions of degeneration {unknown}
 q - a potion of mutation
 r - 2 potions of brilliance
 t - a potion of lignification {unknown}
 u - a potion of ambrosia {unknown}
 v - a potion of heal wounds


   Skills:
 * Level 4.8 Fighting
 * Level 4.1 Dodging
 + Level 3.1 Stealth
 + Level 0.5 Shields
 * Level 4.0 Unarmed Combat
 * Level 6.2 Spellcasting
 * Level 8.0 Conjurations
 * Level 3.2 Translocations
 * Level 3.7 Invocations


You had 13 spell levels left.
You knew the following spells:

 Your Spells              Type           Power      Damage    Failure   Level
a - Magic Dart            Conj           100%       1d8       1%          1
b - Searing Ray           Conj           100%       2d8       1%          2
z - Iskenderun's Mystic   Conj/Tloc      54%        2d12      2%          4

Your spell library contained the following spells:

 Spells                   Type           Power      Damage    Failure   Level
 Gell's Gravitas          Tloc           37%        N/A       2%          3
 Teleport Other           Tloc           37%        N/A       2%          3
 Fulminant Prism          Conj/Alch      21%        3d12      5%          4
 Passage of Golubria      Tloc           37%        N/A       8%          4
 Tukima's Dance           Hex            12%        N/A       9%          3
 Yara's Violent Unravell  Hex/Alch       6%         3d5       61%         5
 Dispersal                Tloc           18%        N/A       75%         6


Dungeon Overview and Level Annotations

Branches:
Dungeon (7/15)             Bailey (1/1)
 Temple: D:4-7

Altars:
Ashenzari
Cheibriados
Dithmenos
Makhleb
Uskayaw
Vehumet
Yredelemnul

Shops:
D:5 [


Innate Abilities, Weirdness & Mutations

You can breathe corrosive fumes.
Your golden yellow scales are hard. (AC +7)
You cannot fit into any form of body armour.
You are cold-blooded and may be slowed by cold attacks.
You are resistant to acid. (rCorr)
You have sharp fingernails.
You are somewhat resistant to further mutation.


Message History

The orc knight is poisoned.
The orc knight struggles to breathe.
The orc knight seems to slow down.
The orc knight shouts!
The orc knight is lightly wounded.
The orc knight hits you with a +0 war axe!
Unknown command.
Unknown command.
Aiming: Caustic Breath
Press: ? - help, Shift-Dir - straight line, f/p - orc knight
Aim: an orc knight, wielding a +0 war axe and wearing a +0 chain mail (lightly wounded, very poisoned, slow, 89% to hit)
You breathe a spray of caustic vapour.
The acid spray hits the orc knight.
The acid corrodes the orc knight!
The orc knight is moderately wounded.
The orc knight hits you with a +0 war axe!
Unknown command.
Unknown command.
The orc knight attacks as it pursues you!
The orc knight hits you with a +0 war axe!
The orc knight attacks as it pursues you!
The orc knight misses you.
The orc knight attacks as it pursues you!
The orc knight hits you with a +0 war axe. x2
* * * LOW HITPOINT WARNING * * *
You see here 4 atropa-tipped darts.
Unknown command.
Throw: 4 darts (curare)
Press: ? - help, Q - select action, (/) - cycle Shift-Dir - straight line, f/p - orc knight
Aim: an orc knight, wielding a +0 war axe and wearing a +0 chain mail (moderately wounded, poisoned, slow, covered in acid, 57% to hit)
You throw a curare-tipped dart.
The curare-tipped dart hits the orc knight.
The orc knight looks even sicker.
The orc knight struggles to breathe.
The orc knight seems to be slow for longer.
The orc knight is moderately wounded.
The orc knight is no longer covered in acid.
Unknown command.
Unknown command.
Unknown command.
The orc knight hits you with a +0 war axe!!
You die...
Cheibriados appreciates the motionlessness of death.

###...^ ...
.###.~≈≈≈≈≈≈# # '..##
## #...≈≈≈≈≈≈ ###..#
#....#### ..#..#
#...## ..#'##
######..##
..oK)#########.......#
....................##
#########.###########
#.#...##@...##
##(...(o.#..∩#
#############


You could see an orc knight (very poisoned, slow).

Vanquished Creatures
  Eustachio (D:5)
  4 water moccasins
  A sky beast (D:6)
  3 orc warriors
  An ice beast (D:4)
  4 ogres
  2 phantoms (D:6)
  A kobold brigand (D:6)
  A gnoll sergeant (D:6)
  A scorpion (D:6)
  4 wights (D:4)
  6 killer bees (D:7)
  A howler monkey (D:5)
  2 bombardier beetles
  3 hounds
  3 jellies (D:5)
  2 orc priests
  5 iguanas
  A sleepcap (D:5)
  3 orc wizards
  8 adders
  11 gnolls
  A white imp (D:6)
  2 ufetubi (D:5)
  2 dart slugs
  3 ribbon worms
  12 orcs
  4 ball pythons
  15 endoplasms
  2 giant cockroaches
  6 hobgoblins
  5 quokkas
  2 bats
  A frilled lizard (D:3)
  16 goblins
  24 kobolds
  3 rats
166 creatures vanquished.

Notes
Turn   | Place    | Note
-------+----------+-------------------------------------------
     0 | D:1      | Morbidden the Draconian Conjurer began the quest for the
                  | Orb.
     0 | D:1      | Reached XP level 1. HP: 14/14 MP: 3/3
    95 | D:1      | Found a faded altar of an unknown god.
   256 | D:1      | Reached XP level 2. HP: 20/20 MP: 1/5
   549 | D:1      | Learned a level 2 spell: Searing Ray
  1088 | D:2      | Reached XP level 3. HP: 23/26 MP: 1/6
  1616 | D:2      | Found a snail-covered altar of Cheibriados.
  1874 | D:2      | Became a worshipper of Cheibriados the Contemplative
  1996 | D:3      | Reached skill level 5 in Conjurations
  2319 | D:3      | Reached XP level 4. HP: 33/34 MP: 1/7
  2655 | D:3      | Reached * piety under Cheibriados
  2741 | D:3      | Found a radiant altar of Vehumet.
  2741 | D:3      | Found a basalt altar of Yredelemnul.
  2749 | D:3      | Found a hide-covered altar of Uskayaw.
  2751 | D:3      | Found a shadowy altar of Dithmenos.
  2753 | D:3      | Found a faded altar of an unknown god.
  2892 | D:4      | Noticed an ogre
  2892 | D:4      | Noticed an ogre
  2916 | D:5      | Entered Level 5 of the Dungeon
  2922 | D:4      | Noticed an ogre
  2927 | D:4      | Gained mutation: You have sharp fingernails. [potion of
                  | mutation]
  2927 | D:4      | Gained mutation: You occasionally lose the ability to drink
                  | potions when taking damage. [potion of mutation]
  2927 | D:4      | Gained mutation: You are vulnerable to cold. (rC-) [potion
                  | of mutation]
  2928 | D:4      | Lost mutation: You occasionally lose the ability to drink
                  | potions when taking damage. [potion of mutation]
  2928 | D:4      | Lost mutation: You are vulnerable to cold. (rC-) [potion of
                  | mutation]
  2928 | D:4      | Gained mutation: You are somewhat resistant to further
                  | mutation. [potion of mutation]
  2935 | D:4      | Killed an ogre
  2936 | D:4      | Reached skill level 1 in Fighting
  2936 | D:4      | Reached skill level 1 in Unarmed Combat
  2936 | D:4      | Reached XP level 5. HP: 11/40 MP: 6/9
  3249 | D:4      | Learned a level 4 spell: Iskenderun's Mystic Blast
  3763 | D:4      | Reached skill level 1 in Invocations
  3763 | D:4      | Reached XP level 6. HP: 48/48 MP: 6/10
  4130 | D:4      | Reached ** piety under Cheibriados
  4131 | D:4      | Reached skill level 6 in Conjurations
  4131 | D:4      | Reached skill level 1 in Translocations
  4131 | D:4      | Your scales start taking on a golden yellow colour.
  4131 | D:4      | Reached XP level 7. HP: 28/54 MP: 2/12
  4131 | D:4      | Gained mutation: You are resistant to acid. (rCorr) [Yellow
                  | Draconian growth]
  4471 | D:5      | Noticed Eustachio
  5203 | D:5      | Reached XP level 8. HP: 53/63 MP: 14/14
  5248 | D:5      | Found Ezosap's Armour Emporium.
  5516 | D:5      | Killed Eustachio
  5517 | D:5      | Reached skill level 5 in Spellcasting
  5591 | D:5      | Reached *** piety under Cheibriados
  5801 | D:5      | Found a burning altar of Makhleb.
  6127 | D:6      | Reached skill level 7 in Conjurations
  6164 | D:6      | Reached XP level 9. HP: 69/71 MP: 5/17
  6199 | D:6      | Found a broken altar of Ashenzari.
  6294 | D:6      | Reached **** piety under Cheibriados
  6353 | D:6      | Identified the +7 ring mail "Afyz" {rF+ Int+3}
  6863 | D:7      | Identified the +3 trident of Plog {freeze, rN+}
  6865 | D:7      | Found a flagged portal.
  6918 | Bailey   | Entered a bailey
  6929 | Bailey   | Noticed an orc knight
  6962 | Bailey   | Reached skill level 8 in Conjurations
  6991 | Bailey   | Identified the +11 longbow "Halit" {flame, rCorr Str+4
                  | Int-5}
  7252 | Bailey   | Slain by an orc knight

Illustrated notes

Levels and vault maps discovered:
D:1:      giann_bridges, layout_basic, basic_ecumenical_altar
D:2:      layout_basic, basic_altar
D:3:      layout_rooms, chequers_temple_overflow_minitemple,
          minmay_strange_pillars, nicolae_twisty_statue_hallways
D:4:      layout_cave_pools, minmay_misc_feat_columns, corexii_leaking_fountain
D:5:      cheibrodos_fertilizer, layout_basic, lightli_temple_of_fire,
          serial_shops, shop, uniq_eustachio
D:6:      layout_basic, mainiacjoe_overflow_chevrons
D:7:      layout_cave_pools, mainiacjoe_overflow_large_starburst, temple_pool_b,
          enter_bailey_5, kennysheep_generic_room_15
Bailey:   bailey_axe_4, bailey

Skill      XL: |  1  2  3  4  5  6  7  8  9 |
---------------+----------------------------+-----
Conjurations   | 5 6 7 8 |  8.0
Fighting       | 1 2 3 4 |  4.8
Dodging        | 2 3 4 |  4.1
Stealth        | 2 3 |  3.1
Unarmed Combat | 1 2 3 4 |  4.0
Spellcasting   | 3 4 5 6 |  6.2
Invocations    | 1 2 3 |  3.7
Translocations | 1 2 3 |  3.2
Shields        | |  0.5

Action                     |  1- 3 |  4- 6 |  7- 9 || total
---------------------------+-------+-------+-------++-------
  Melee: Unarmed           |     3 |     3 |    47 ||    53
         Tailslap          |     1 |       |     9 ||    10
         Punch             |       |       |     1 ||     1
  Throw: Dart              |       |       |     2 ||     2
   Cast: Magic Dart        |    77 |    48 |   137 ||   262
         Searing Ray       |       |    13 |    44 ||    57
         Iskenderun's Myst |       |     3 |     1 ||     4
 Invoke: Slouch            |       |       |     1 ||     1
Ability: Caustic Breath    |       |       |     5 ||     5
    Use: Potion            |       |     5 |     2 ||     7
         Scroll            |       |     4 |     2 ||     6
   Stab: Sleeping          |       |     1 |     1 ||     2
 Armour: Skin              |     8 |    13 |    82 ||   103
  Dodge: Dodged            |     8 |    19 |    80 ||   107
  Block: Other             |     1 |     2 |       ||     3

Table legend: (Time is in decaauts)
 A = Elapsed time spent in this place.
 B = Non-inter-level travel time spent in this place.
 C = Inter-level travel time spent in this place.
 D = Time resting spent in this place.
 E = Time spent auto-exploring this place.
 F = Levels seen in this place.
 G = Mean time per level.
                   A        B        C        D        E       F      G
               +--------+--------+--------+--------+--------+-----+--------+
         Total |   8459 |   8110 |    349 |   1665 |   5295 |   8 | 1057.4 |
       Dungeon |   8023 |   7674 |    349 |   1516 |   5183 |   7 | 1146.1 |
        Bailey |    436 |    436 |      0 |    149 |    112 |   1 |  436.0 |
               +--------+--------+--------+--------+--------+-----+--------+

Top non-repeatable levels by time:
     D:4: 2267 daAuts
     D:5: 1488 daAuts
     D:2: 1195 daAuts
     D:6: 1078 daAuts
     D:3: 1054 daAuts
     D:1: 825 daAuts
  Bailey: 436 daAuts
     D:7: 113 daAuts
